 Dungeon Crawl Stone Soup version 0.28.0-43-g3370ac3207 (webtiles) character file.

Game seed: 13906219730512551313

32 gzilladon the Chopper (level 3, -5/33 HPs)
             Began as a Hill Orc Monk on Mar 31, 2022.
             Slain by Sigmund
             ... wielding a +0 scythe
              (10 damage)
             ... on level 2 of the Dungeon.
             The game lasted 00:08:18 (1801 turns).

gzilladon the Chopper (Hill Orc Monk)               Turns: 1801, Time: 00:08:19

Health: -5/33      AC:  3    Str: 15    XL:     3   Next: 25%
Magic:  3/3        EV: 12    Int: 10    God:
Gold:   57         SH:  0    Dex: 13    Spells: 2/2 levels left

rFire   . . .      SeeInvis +   a - +0 hand axe
rCold   . . .      Faith    +   (no shield)
rNeg    . . .      Spirit   .   p - +0 leather armour
rPois   .          Reflect  .   (no helmet)
rElec   .          Harm     .   (no cloak)
rCorr   .          Rampage  .   (no gloves)
Will    .....                   (no boots)
Stlth   ++........              f - amulet of faith
HPRegen 0.11/turn               m - ring of see invisible
MPRegen 0.08/turn               (no ring)

@: no status effects
A: no striking features
a: no special abilities


You were on level 2 of the Dungeon.
You visited 1 branch of the dungeon, and saw 2 of its levels.

You collected 57 gold pieces.

Inventory:

Hand Weapons
 a - a +0 hand axe (weapon)
Missiles
 c - 15 sling bullets
 g - 24 stones (quivered)
 l - 16 arrows
Armour
 b - a +0 robe
 p - a +0 leather armour (worn)
Jewellery
 f - an amulet of faith (around neck)
 m - a ring of see invisible (left hand)
Scrolls
 d - a scroll of enchant armour {unknown}
 e - a scroll of immolation {unknown}
 h - a scroll of blinking {unknown}
 i - a scroll of magic mapping {unknown}
Potions
 k - a potion of invisibility {unknown}
 n - a potion of curing {unknown}


   Skills:
 + Level 4.0 Fighting
 * Level 5.0 Axes
 + Level 2.6 Dodging
 - Level 1.5 Stealth


You had 2 spell levels left.
You didn't know any spells.
Your spell library contained the following spells:

 Spells                   Type           Power      Damage    Failure   Level
 Static Discharge         Conj/Air       0%         N/A       56%         2
 Lightning Bolt           Conj/Air       0%         1d11      100%        5
 Maxwell's Capacitive Co  Air            0%         ∞         100%        8


Dungeon Overview and Level Annotations

Branches:
Dungeon (2/15)

Altars:

Annotations:
D:2 Sigmund


Message History

You see here a +0 club.
Sigmund the Dreaded comes into view.
He is wielding a +0 scythe and wearing a +2 robe of willpower.
Sigmund shouts!
Throw: 24 stones
Press: ? - help, Q - select action, (/) - cycle Shift-Dir - straight line, f - Sigmund
Aim: Sigmund, wielding a +0 scythe and wearing a +2 robe of willpower (55% to hit)
Okay, then.
Throw: 2 darts (poison)
Press: ? - help, Q - select action, (/) - cycle Shift-Dir - straight line, f - Sigmund
Aim: Sigmund, wielding a +0 scythe and wearing a +2 robe of willpower (55% to hit)
You throw a poisoned dart. The poisoned dart hits Sigmund.
Sigmund is poisoned.
Throw: dart (poison)
Press: ? - help, Q - select action, (/) - cycle Shift-Dir - straight line, f/p - Sigmund
Aim: Sigmund, wielding a +0 scythe and wearing a +2 robe of willpower (poisoned, 55% to hit)
You throw a poisoned dart.
The poisoned dart barely misses Sigmund.
Sigmund casts a spell at you. The magic dart hits you.
Sigmund barely misses you. Sigmund misses you.
You closely miss Sigmund. You hit Sigmund but do no damage.
Sigmund casts a spell at you. The magic dart hits you.
Sigmund hits you with a +0 scythe.
You barely miss Sigmund.
Sigmund is lightly wounded.
You hit Sigmund but do no damage.
Sigmund is lightly wounded.
Sigmund breathes a few words.
Sigmund's hands start flickering wildly.
Sigmund hits you with a +0 scythe.
You hit Sigmund. Your punch misses Sigmund.
Sigmund is moderately wounded.
Sigmund looks more healthy.
Sigmund hits you with a +0 scythe!
* * * LOW HITPOINT WARNING * * *
It was a potion of magic.
Magic courses through your body.
You closely miss Sigmund.
Sigmund is moderately wounded.
Sigmund hits you with a +0 scythe!
You die...

..... ....# #...# ...
...########## #(##........# .
#@##.######.# . ##@##.# #.#
#. #...#.# #.# #
.#####.###.#.######.# .
..................#.##### #
##..###.###.#.####.#.#<..## .
...># #.#.#....#......#
####...# # #.#.#.##.#####..#
#..)...# .# #.#.#.########..#
#......##.###.#..).......#..#


You could see Sigmund.

Vanquished Creatures
  2 dart slugs
  An orc (D:2)
  2 ball pythons
  2 bats (D:1)
  3 endoplasms
  A giant cockroach (D:2)
  8 goblins
  A hobgoblin (D:1)
  4 frilled lizards
  2 rats (D:1)
26 creatures vanquished.

Notes
Turn   | Place    | Note
-------+----------+-------------------------------------------
     0 | D:1      | gzilladon the Hill Orc Monk began the quest for the Orb.
     0 | D:1      | Reached XP level 1. HP: 19/19 MP: 1/1
   392 | D:1      | Reached XP level 2. HP: 18/27 MP: 2/2
  1055 | D:1      | Found a faded altar of an unknown god.
  1489 | D:2      | Reached XP level 3. HP: 32/33 MP: 3/3
  1539 | D:2      | Reached skill level 5 in Axes
  1789 | D:2      | Noticed Sigmund
  1801 | D:2      | Slain by Sigmund

Illustrated notes

Levels and vault maps discovered:
D:1:      nagdon_arrival_zigzag_paths, layout_basic,
          nicolae_ecumenical_snake_handling, hangedman_decor_clover_reticule,
          lemuel_another_geyser
D:2:      layout_basic, uniq_sigmund

Skill      XL: |  1  2  3 |
---------------+----------+-----
Fighting       | 4 |  4.0
Axes           | 5 |  5.0
Dodging        | |  2.6
Stealth        | |  1.5

Action                   || total
-------------------------++-------
Melee: Hand axe          ||    65
       Punch             ||     1
Throw: Dart              ||     2
  Use: Potion            ||     1
 Stab: Sleeping          ||     4
Armor: Robe              ||    14
Dodge: Dodged            ||    41
